 Dungeon Crawl Stone Soup version 0.26-a0-1138-gef23d1325b (webtiles) character file.

Game seed: 4164195093514315022

42 Delamore the Skirmisher (level 3, 0/24 HPs)
             Began as a Gargoyle Fighter on Dec 21, 2020.
             Slain by a crimson imp (2 damage)
             ... summoned by Natasha
             ... on level 2 of the Dungeon.
             The game lasted 00:01:53 (1227 turns).

Delamore the Skirmisher (Gargoyle Fighter)          Turns: 1227, Time: 00:01:54

Health: 0/24       AC: 10    Str: 20    XL:     3   Next: 54%
Magic:  3/3        EV:  7    Int:  8    God:
Gold:   87         SH:  9    Dex:  9    Spells: 2/2 levels left

rFire    . . .     SeeInvis .   a - +0 flail
rCold    . . .     Faith    .   c - +0 kite shield
rNeg     + . .     Spirit   .   b - +0 scale mail
rPois    ∞         Reflect  .   (no helmet)
rElec    +         Harm     .   (no cloak)
rCorr    .         Rampage  .   (no gloves)
Will     .....                  (no boots)
Stlth    ..........             (no amulet)
HPRegen  0.08/turn              (no ring)
MPRegen  0.08/turn              (no ring)

@: slowed, very slow
A: negative energy resistance 1, electricity resistance, unbreathing,
petrification resistance, miasma immunity, AC +3
a: no special abilities


You were on level 2 of the Dungeon.
You visited 1 branch of the dungeon, and saw 2 of its levels.

You collected 87 gold pieces.

Inventory:

Hand Weapons
 a - a +0 flail (weapon)
Missiles
 g - a throwing net (quivered)
Armour
 b - a +0 scale mail (worn)
 c - a +0 kite shield (worn)
Jewellery
 f - a +4 ring of slaying {unknown}
Scrolls
 e - 2 scrolls of enchant armour {unknown}
 h - a scroll of remove curse {unknown}
 i - 2 scrolls of identify {unknown}
 k - 3 scrolls of amnesia {unknown}
 l - a scroll of random uselessness {unknown}
 m - a scroll of fog {unknown}
Potions
 d - 2 potions of might
 j - 2 potions of curing {unknown}


   Skills:
 + Level 3.9 Fighting
 + Level 2.6 Maces & Flails
 - Level 3.2 Armour
 + Level 3.9 Shields


You had 2 spell levels left.
You didn't know any spells.
Your spell library was empty.

Dungeon Overview and Level Annotations

Branches:
Dungeon (2/15)

Altars:

Annotations:
D:2 Natasha


Innate Abilities, Weirdness & Mutations

You are resistant to torment.
Your stone body is resilient. (AC +3)
You are immune to poison.
You resist negative energy. (rN+)
You are resistant to electric shocks. (rElec)
You can survive without breathing.
You are immune to petrification.
You are immune to miasma.


Message History

The crimson imp shouts, "Slither away, thou grime-gilt fly-bitten tinkerer!"
The crimson imp hits you but does no damage.
Natasha claws you.
* * * LOW HITPOINT WARNING * * *
The crimson imp hits you but does no damage.
You closely miss Natasha.
Natasha is severely wounded.
Natasha stares at you and mumbles some strange words.
You feel yourself slow down.
The crimson imp picks up a beetle and eats it.
The crimson imp hits you but does no damage.
You barely miss Natasha.
Natasha is severely wounded.
Natasha claws you but does no damage.
The crimson imp shouts, "Go and return not, thou rough-hewn beef-witted lout!"
The crimson imp hits you but does no damage.
Natasha zaps a wand.
The puff of flame hits you.
* * * LOW HITPOINT WARNING * * *
The crimson imp hits you.
You die...

####.#......>#
#....#.#####.#
#.#.......##.#####
.†..<..##........#
##.....#####.###.#
##....#####.# #.#
##.#.......# #.#
#.######### #5#
#.# #@# #'# #h#
#5# #5# #.# ..#
..# .##


You could see 2 iron imps, Natasha and a crimson imp (summoned).

Vanquished Creatures
  An adder (D:2)
  A worm (D:2)
  A dart slug (D:1)
  A leopard gecko (D:1)
  2 bats (D:1)
  3 giant cockroaches (D:1)
  3 jackals (D:1)
  A ball python (D:2)
  4 frilled lizards (D:1)
  4 goblins (D:1)
  4 kobolds (D:1)
  2 rats (D:1)
27 creatures vanquished.

Notes
Turn   | Place    | Note
-------+----------+-------------------------------------------
     0 | D:1      | Delamore the Gargoyle Fighter began the quest for the Orb.
     0 | D:1      | Reached XP level 1. HP: 14/14 MP: 1/1
   155 | D:1      | Reached XP level 2. HP: 19/19 MP: 2/2
   592 | D:1      | Reached XP level 3. HP: 24/24 MP: 3/3
   982 | D:2      | Noticed Natasha
  1227 | D:2      | Slain by a crimson imp

Illustrated notes

Levels and vault maps discovered:
D:1:      minmay_arrival_widening_spiral_wide, layout_basic,
          palyth_stone_intersect
D:2:      layout_loops_corners, hex_medium, uniq_natasha

Action                   || total
-------------------------++-------
Melee: Flail             ||   111
Armor: Scale mail        ||    59
Dodge: Dodged            ||    25
Block: Kite shield       ||    48

Table legend: (Time is in decaauts)
 A = Elapsed time spent in this place.
 B = Non-inter-level travel time spent in this place.
 C = Inter-level travel time spent in this place.
 D = Time resting spent in this place.
 E = Time spent auto-exploring this place.
 F = Levels seen in this place.
 G = Mean time per level.
                   A        B        C        D        E       F      G
               +--------+--------+--------+--------+--------+-----+--------+
         Total |   1266 |   1241 |     25 |      8 |    990 |   2 |  633.0 |
       Dungeon |   1266 |   1241 |     25 |      8 |    990 |   2 |  633.0 |
               +--------+--------+--------+--------+--------+-----+--------+

Top non-repeatable levels by time:
     D:1: 1039 daAuts
     D:2: 227 daAuts
